 Dungeon Crawl Stone Soup version 0.22.0-16-gc6d26f69f9 (webtiles) character file.

43 Kniotic the Chopper (level 3, -1/46 HPs)
             Began as a Minotaur Berserker on Aug 17, 2018.
             Was a Believer of Trog.
             Succumbed to a scorpion's poison
             ... on level 2 of the Dungeon.
             The game lasted 00:01:47 (1468 turns).

Kniotic the Chopper (Minotaur Berserker)            Turns: 1468, Time: 00:01:47

Health: -1/46      AC:  8    Str: 27    XL:     3   Next: 37%
Magic:  2/2        EV:  9    Int:  4    God:    Trog [**....]
Gold:   112        SH:  0    Dex:  9    Spells: 2/2 levels left

rFire    . . .     SeeInvis .   a - +0 hand axe
rCold    . . .     Gourm    .   (no shield)
rNeg     . . .     Faith    .   d - +0 chain mail
rPois    .         Spirit   .   (helmet restricted)
rElec    .         Reflect  .   (no cloak)
rCorr    .         Harm     .   (no gloves)
MR       .....                  (no boots)
Stlth    ..........             e - amulet of inaccuracy (curse)
HPRegen  0.15/turn              (no ring)
MPRegen  0.08/turn              (no ring)

@: berserking, lethally poisoned (-1 -> -48), very quick
A: retaliatory headbutt, horns 2
a: Berserk, Trog's Hand, Renounce Religion


You were on level 2 of the Dungeon.
You worshipped Trog.
Trog was pleased with you.
You were near starving.

You visited 1 branch of the dungeon, and saw 2 of its levels.

You collected 112 gold pieces.

Inventory:

Hand Weapons
 a - a +0 hand axe (weapon)
Armour
 d - a +0 chain mail (worn)
Jewellery
 e - a cursed amulet of inaccuracy (around neck)
 i - an uncursed ring of wizardry {unknown}
Scrolls
 b - a scroll of remove curse {unknown}
Potions
 f - a potion of mutation
 g - a potion of cancellation {unknown}
 h - a potion of might {unknown}
 l - a potion of brilliance {unknown}
Comestibles
 c - 2 rations


   Skills:
 - Level 3.6 Fighting
 + Level 5.4 Axes
 - Level 2.4 Armour
 - Level 2.1 Dodging


You had 2 spell levels left.
You didn't know any spells.
Your spell library was empty.

Dungeon Overview and Level Annotations

Branches:
Dungeon (2/15)

Altars:
Trog


Innate Abilities, Weirdness & Mutations

You reflexively headbutt those who attack you in melee.
You have a pair of horns on your head.


Message History

You are near starving!
* * * LOW HITPOINT WARNING * * *
You feel very sick. The scorpion completely misses you.
You furiously retaliate!
You headbutt the scorpion.
Your chain mail prevents you from hitting the scorpion.
Your headbutt misses the scorpion.
The scorpion is moderately wounded.
* * * LOW HITPOINT WARNING * * *
You feel sick. The scorpion stings you.
* * * LOW HITPOINT WARNING * * *
You are more poisoned.
The scorpion poisons you!
You closely miss the scorpion. Your headbutt misses the scorpion.
The scorpion is moderately wounded.
* * * LOW HITPOINT WARNING * * *
You feel sick.
You barely miss the scorpion.
The scorpion is moderately wounded.
You die...

#.# **######*
*,..,,,,,,,,*,***, #.#
#.......# #..##*****,,*,* *,
#.# #.......#
#..#******,,*,***,
#.###.......#
#..#*,,,,,,,,,,,,,
....#.......##
#..*******,,*,***,
#+#.##.......#
#..,,,,,,,,,,,* *,
....##.......#
#.#*******,,*** *,
....##.......# #s# *,,* *,
...........#####@# *,,* *,
....###..........#*******,,*
*,
#+#.#*####.............,,,,*
*, #.#.##.#
#.############***** *,
..#.##.# #.# ** ..#.##.# #.#
....##.###.## ............#
..........#.#


You could see a scorpion.

Vanquished Creatures
  2 dart slugs
  A leopard gecko (D:2)
  3 giant cockroaches
  4 goblins
  6 hobgoblins
  7 kobolds
  A ball python (D:2)
  6 bats
  5 frilled lizards
  3 rats
38 creatures vanquished.

Notes
Turn   | Place    | Note
-------+----------+-------------------------------------------
     0 | D:1      | Kniotic the Minotaur Berserker began the quest for the Orb.
     0 | D:1      | Reached XP level 1. HP: 19/19 MP: 0/0
   161 | D:1      | Reached skill level 4 in Axes
   226 | D:1      | Reached XP level 2. HP: 25/26 MP: 1/1
   846 | D:2      | Reached skill level 5 in Axes
  1003 | D:2      | Reached XP level 3. HP: 31/31 MP: 2/2
  1096 | D:2      | Reached ** piety under Trog
  1158 | D:2      | Found a bloodstained altar of Trog.
  1458 | D:2      | Noticed a scorpion
  1467 | D:2      | HP: 2/46 [poisoned by a scorpion]
  1468 | D:2      | Succumbed to a scorpion's poison

Skill      XL: |  1  2 |
---------------+-------+-----
Axes           | 4 5 |  5.4
Fighting       | |  3.6
Armour         | |  2.4
Dodging        | |  2.1

Action                   || total
-------------------------++-------
Melee: Hand axe          ||   115
       Headbutt          ||    15
Invok: Berserk           ||     1
  Use: Scroll            ||     3
  Eat: Chunk             ||     1
Armor: Chain mail        ||    78
Dodge: Dodged            ||    48
